 Dungeon Crawl Stone Soup version 0.30.1-4-g462c640d31 (webtiles) character file.

Game seed: 13125309440658854395

143 spardeous the Conjurer (level 4, 0/33 HPs)
             Began as a Demigod Conjurer on Aug 26, 2023.
             Slain by an orc priest
             ... wielding a +0 flail
              (7 damage)
             ... on level 4 of the Dungeon.
             The game lasted 00:01:40 (2545 turns).

spardeous the Conjurer (Demigod Conjurer)           Turns: 2545, Time: 00:01:41

Health: 0/33       AC:  2    Str:  8    XL:     4   Next: 76%
Magic:  4/9        EV: 12    Int: 24    God:
Gold:   143        SH:  0    Dex: 12    Spells: 3/6 levels left

rFire   . . .        (no weapon)
rCold   . . .        (no shield)
rNeg    . . .        a - +0 robe
rPois   .            (no helmet)
rElec   .            (no cloak)
rCorr   .            (no gloves)
SInv    +            (no boots)
Will    .....        (no amulet)
Stlth   ++           l - ring of see invisible
HPRegen 0.25/turn    (no ring)
MPRegen 0.11/turn

%: no passive effects
@: no status effects
A: high MP 1, forlorn, divine attributes
a: no special abilities


You were on level 4 of the Dungeon.
You visited 1 branch of the dungeon, and saw 4 of its levels.

You collected 143 gold pieces.

Inventory:

Armour
 a - a +0 robe (worn)
Jewellery
 l - a ring of see invisible (left hand)
Scrolls
 e - a scroll of brand weapon {unknown}
 f - 3 scrolls of identify {unknown}
 g - 2 scrolls of enchant armour {unknown}
 h - 2 scrolls of teleportation {unknown}
 k - a scroll of noise {unknown}
 n - a scroll of fear {unknown}
Potions
 c - a potion of attraction {unknown}
 d - a potion of curing {unknown}
 i - a potion of degeneration {unknown}
 j - a potion of berserk rage {unknown}
 m - a potion of flight {unknown}
 o - a potion of heal wounds {unknown}


   Skills:
 - Level 1.7 Dodging
 - Level 1.7 Stealth
 - Level 1.7 Spellcasting
 + Level 5.8 Conjurations


You had 3 spell levels left.
You knew the following spells:

 Your Spells              Type           Power      Damage    Failure   Level
a - Magic Dart            Conj           100%       1d8       1%          1
b - Searing Ray           Conj           60%        2d6       1%          2

Your spell library contained the following spells:

 Spells                   Type           Power      Damage    Failure   Level
 Dazzling Flash           Conj/Hex       32%        N/A       11%         3
 Fulminant Prism          Conj/Hex       8%         3d7       36%         4
 Iskenderun's Mystic Bla  Conj/Tloc      16%        2d5       36%         4


Dungeon Overview and Level Annotations

Branches:
Dungeon (4/15)
 Temple: D:4-7

Shops:
D:1 (

Annotations:
D:3 Terence


Innate Abilities, Weirdness & Mutations

You have an increased reservoir of magic. (+10% MP)
You shall have no god before yourself.
Your divine heritage dramatically boosts your attributes as you level up.


Message History

Found an escape hatch in the floor.
Found a stone staircase leading up.
There is an open door here.
You open the door.
There is an open door here.
MP restored: 9 You hear the slow rusting of a very distant drain.
An orc and an orc priest come into view.
The orc priest moves out of view.
The orc priest shouts!
The orc shouts!
You hear a shout!
An orc comes into view. It is wielding a +0 club.
The orc priest invokes the aid of Beogh against you.
Beogh smites you!
* * * LOW HITPOINT WARNING * * *
You hear an angry hiss.
You take 13 damage, and have 5/33 hp.
MASSIVE DAMAGE!!
A ball python comes into view.
Unknown command.
Casting: Searing Ray (safe; 1% risk of failure)
Confirm with . or Enter, or press ? or * to list all spells.
Aiming: Searing Ray (safe; 1% risk of failure)
Press: ? - help, Shift-Dir - straight line The searing ray hits the orc!
You kill the orc! (Press . to maintain the ray.)
You now have 7/9 mp.
Unknown command.
The searing ray hits the orc priest.
The orc priest is moderately wounded.
You now have 6/9 mp.
The searing ray hits the orc priest.
The orc priest is heavily wounded.
The searing ray hits the ball python.
You kill the ball python!
You now have 5/9 mp.
The searing ray hits the orc priest.
The orc priest is severely wounded.
The searing ray misses the orc.
You finish channelling your searing ray.
The orc priest hits you with a +0 flail!
You die...

#.>.......####...#.##
##.......## ##..#.#
##.....## ##.#.#
##...## #.#.# # ##+#
#.#.##.# # #.
#......# #.###.
###.####
..o.#.############.#
#....#oo@........#
#......###########
#....#.# .....#.##.#
##.# ## #.# # ..# ###


You could see an orc priest and an orc.

Vanquished Creatures
  An orc priest (D:4)
  An orc wizard (D:4)
  3 adders
  7 orcs
  6 endoplasms
  A giant cockroach (D:1)
  3 hobgoblins
  7 kobolds
  A quokka (D:2)
  7 ball pythons
  5 bats
  6 frilled lizards
  6 goblins
  2 rats
56 creatures vanquished.

Notes
Turn   | Place    | Note
-------+----------+-------------------------------------------
     0 | D:1      | spardeous the Demigod Conjurer began the quest for the Orb.
     0 | D:1      | Reached XP level 1. HP: 14/14 MP: 5/5
   241 | D:1      | Reached skill level 4 in Conjurations
   394 | D:1      | Reached XP level 2. HP: 20/20 MP: 5/7
   568 | D:1      | Found Ewaty's Antique Weapon Shop.
   729 | D:1      | You fall into a shaft and drop 1 floor!
  1202 | D:2      | Reached XP level 3. HP: 26/26 MP: 2/8
  1205 | D:2      | Learned a level 2 spell: Searing Ray
  1824 | D:1      | Reached skill level 5 in Conjurations
  2373 | D:3      | Reached XP level 4. HP: 33/33 MP: 6/9
  2428 | D:3      | Noticed Terence
  2545 | D:4      | Slain by an orc priest

Illustrated notes

Levels and vault maps discovered:
D:1:      ldierk_walled_garden_2, layout_basic, serial_shops,
          nicolae_shop_tiny_waterfront
D:2:      layout_loops_ring, chequers_arboretum, nicolae_figureground_pulse
D:3:      layout_basic, uniq_terence
D:4:      layout_loops_corners, chequers_temple_overflow_minitemple,
          portal_sewer_entry_c, uniq_natasha

Skill      XL: |  1  2  3 |
---------------+----------+-----
Conjurations   | 4 5 |  5.8
Dodging        | |  1.7
Stealth        | |  1.7
Spellcasting   | |  1.7

Action                     |  1- 3 |  4- 6 || total
---------------------------+-------+-------++-------
   Cast: Magic Dart        |    95 |     2 ||    97
         Searing Ray       |     1 |     5 ||     6
    Use: Potion            |       |     1 ||     1
 Armour: Robe              |     1 |       ||     1
  Dodge: Dodged            |     2 |     5 ||     7
